AoeStats
← 破破助

Arabia

510734983Analyzed
2v2 RM · 15h ago on Oct 2, 2026· 27m 44s· 4 players
Game mode
Random Map
Map size
Medium (4 player)
Population
200
Speed
Normal
Resources
Standard
Victory
Conquest
Starting age
Dark Age
Ending age
Imperial Age
RankedLock teamsTeams togetherTeam positionsShared explorationLock speedFull tech treeHidden civsTurbo modeCheats
Victory
Defeat
🇨🇴 Mongols · Colombia
1041
+12
🇵🇪 Spanish · Peru
1004
+14
🇨🇳 Spanish · China
960
-39
🇨🇳 Bulgarians · China
960
-39
Alosk8
0:57 Loom
10:48 Feudal Age
13:13 Double-Bit Axe
19:52 Castle Age
18:34 Horse Collar
18:49 Gold Mining
18:50 Stone Mining
20:51 Wheelbarrow
21:30 Bow Saw
22:13 Heavy Plow
24:10 Stone Shaft Mining
24:12 Gold Shaft Mining
30:01 Imperial Age
27:53 Forging
27:49 Scale Barding Armor
Santísima TRINIDAD
9:48 Feudal Age
19:41 Castle Age
19:07 Double-Bit Axe
19:02 Horse Collar
20:49 Bow Saw
25:03 Gold Mining
破破助
13:25 Feudal Age
15:27 Stone Mining
17:38 Wheelbarrow
24:10 Horse Collar
纵欲的猫
3:07 Loom
13:06 Feudal Age
15:37 Wheelbarrow
Connection lost

Rejoining the realm…

Still unreachable

The connection could not be restored.

Session expired

The server has moved on; the page needs a fresh start.